 Dungeon Crawl Stone Soup version 0.18.1-8-gdd0e5ea (webtiles) character file.

98911 jacquesderrida the Spear-Bearer (level 16, -1/91 HPs)
             Began as a Vine Stalker Skald on May 21, 2016.
             Was a High Priest of Ashenzari.
             Killed from afar by a shock serpent (8 damage)
             ... with a bolt of electricity
             ... on level 4 of the Snake Pit.
             The game lasted 01:28:49 (13611 turns).

jacquesderrida the Spear-Bearer (VSSk)             Turns: 13611, Time: 01:28:50

Health: -1/91      AC: 19    Str: 16    XL:     16   Next: 23%
Magic:  0/20       EV: 27    Int: 19    God:    Ashenzari [*****.]
Gold:   1384       SH:  6    Dex: 24    Spells: 3 memorised, 12 levels left

rFire  + . .     SeeInvis +     u - +2 glaive (flame) (curse)
rCold  . . .     Gourm    .     l - +3 ring mail {rPois}
rNeg   . . .     Faith    .     (shield currently unavailable)
rPois  +         Spirit   +     K - +1 helmet
rElec  .         Dismiss  .     b - +2 cloak {+Inv}
rCorr  .         Reflect  +     (no gloves)
SustAt .         Harm     .     O - +2 pair of boots {run} (curse)
MR     ++...     Clarity  +     y - +6 amulet of reflection
Stlth  ++........               F - ring of protection from fire
                                k - +6 ring of intelligence (curse)

@: agile, about to teleport, very slightly contaminated, hasted, very quick,
very resistant to hostile enchantments, unstealthy
A: fangs 3, regeneration 3, magic shield, antimagic bite, no device heal 3, rot
immunity
a: Curse Item, Scrying, Transfer Knowledge, Renounce Religion, Evoke
Invisibility


You were on level 4 of the Snake Pit.
You worshipped Ashenzari.
Ashenzari was extremely pleased with you.
You were not hungry.

You visited 8 branches of the dungeon, and saw 33 of its levels.
You also visited: Labyrinth.

You collected 2545 gold pieces.
You spent 1161 gold pieces at shops.

Inventory:

Hand Weapons
 t - a +1 glaive of freezing
 u - a cursed +2 glaive of flaming (weapon)
Missiles
 Q - a throwing net (quivered)
Armour
 b - a +2 cloak of invisibility (worn)
 h - a +3 ring mail of magic resistance
 l - a +3 ring mail of poison resistance (worn)
 K - a +1 helmet (worn)
 O - a cursed +2 pair of boots of running (worn)
 Z - a fire dragon hide
Rods
 J - a +9 rod of shadows (10/10)
   (You found it in a labyrinth)
Jewellery
 f - an uncursed ring of ice
 i - an uncursed amulet of rage
 k - a cursed +6 ring of intelligence (left hand)
 y - a +6 amulet of reflection (around neck)
 D - an uncursed ring of protection from magic
 F - a ring of protection from fire (right hand)
 M - an uncursed ring of resist corrosion
Wands
 a - a wand of iceblast (8/15)
 j - a wand of lightning (1/15)
 H - a wand of iceblast (10/15)
 I - a wand of paralysis (5/24)
 N - a wand of teleportation (4/9)
Scrolls
 e - 2 scrolls of enchant armour
 g - 3 scrolls of enchant weapon
 n - 2 scrolls of immolation
 r - 7 scrolls of remove curse
 w - 5 scrolls of teleportation
 A - a scroll of brand weapon
 C - 4 scrolls of recharging
 S - a scroll of magic mapping
 V - a scroll of amnesia
 X - 3 scrolls of identify
Potions
 m - a potion of haste
 o - a potion of magic
 s - 2 potions of brilliance
 v - 2 potions of might
 x - 2 potions of invisibility
 B - 5 potions of curing
 E - 2 potions of cancellation
 G - a potion of flight
 P - 2 potions of agility
 Y - a potion of resistance
Books
 c - a book of Battle

   Spells                             Type                      Level
   a - Infusion                       Charms                       1
   b - Shroud of Golubria             Charms/Translocation         2
   c - Song of Slaying                Charms                       2
   d - Spectral Weapon                Hexes/Charms                 3
   e - Regeneration                   Charms/Necromancy            3
Comestibles
 d - 9 bread rations
 p - 15 fruits
 q - 7 meat rations
 L - 6 beef jerkies
 R - 2 chunks of flesh
 T - a royal jelly


   Skills:
 + Level 13.1 Fighting
 + Level 14.6(19.2) Polearms
 - Level 9.8 Armour
 + Level 11.8 Dodging
 - Level 2.1 Spellcasting
 - Level 3.2 Hexes
 - Level 4.7 Charms
 - Level 3.1 Necromancy


You had 12 spell levels left.
You knew the following spells:

 Your Spells              Type           Power        Failure   Level  Hunger
a - Infusion              Chrm           ###.         4%          1    #......
b - Spectral Weapon       Hex/Chrm       ###.....     17%         3    ###....
r - Regeneration          Chrm/Necr      ###.......   21%         3    ###....


Dungeon Overview and Level Annotations

Branches:
Dungeon (15/15)            Temple (1/1) D:5            Lair (8/8) D:9
 Shoals (1/4) Lair:4        Snake (4/4) Lair:5          Orc (2/2) D:12
    Elf (1/3) Orc:2        Vaults (0/5) D:14         Depths (1/5) D:15
  Slime: Lair:6-8

Altars:
Ashenzari
Dithmenos
Elyvilon
Fedhas
Kikubaaqudgha
Makhleb
Nemelex Xobeh
Pakellas
Qazlal
Ru
Sif Muna
Trog
Vehumet
Yredelemnul
Zin
The Shining One
Beogh

Shops:
D:8 =   D:9 %   Orc:1 }   Orc:2 [(:*[   Snake:3 !(}

Annotations:
D:13 1 exclusion
D:14 Sonja
Snake:1 Frances


Innate Abilities, Weirdness & Mutations

You have razor-sharp teeth.
You regenerate.
When hurt, damage is shared between your health and your magic reserves.
Your bite disrupts and absorbs the magic of your enemies.
Potions and wands cannot restore your health.
You are immune to rotting.


Message History

The anaconda grabs you. The anaconda completely misses you.
* * * LOW HITPOINT WARNING * * *
The anaconda constricts you.
Your attempt to break free from the anaconda fails, but you feel that another attempt might succeed.
The anaconda completely misses you. The anaconda constricts you.
Unknown command.
Your attempt to break free from the anaconda fails, but you feel that another attempt might succeed.
The anaconda closely misses you. The anaconda constricts you.
You escape the anaconda's grasp.
There is a stone staircase leading up here.
A shock serpent comes into view.
The shock serpent hisses angrily.
Read which item? (? for menu, Esc to quit)
As you read the scroll of teleportation, it crumbles to dust.
You feel strangely unstable. The anaconda misses you.
The anaconda barely misses you.
Unknown command.
The shock serpent shoots out a bolt of lightning at you!
The bolt of electricity hits you!
You die...

..........### ##...#
..........### #....#
........##### ##..|.#
.......########....##
.......#######.....#
.#......######..S<##
* *, , , #....# ,,,,
, #..S.## ,, ,
*#..@..#* *,
**,$..........# ,
*,...........# ,
*............#*
,,**....S........# ,
,,, *............## ,
,............# , *
#.........## ,, , *,
,, , *


You could see an anaconda and 2 shock serpents.

Vanquished Creatures
  Kirke (D:14)
  A greater naga (Snake:3)
  Nessos (Lair:8)
  A minotaur (Lab)
  2 fire dragons (D:15)
  Josephine (D:13)
  4 vault guards (D:14)
  Erolcha (D:13)
  3 catoblepae (Lair:8)
  5 naga warriors
  Fannar (D:10)
  4 anacondas
  4 centaur warriors
  A death knight (D:15)
  An orc high priest (Orc:2)
  15 death yaks
  5 shock serpents
  2 naga sharpshooters (Snake:3)
  A salamander mystic (Snake:3)
  2 naga ritualists
  An unseen horror (D:14)
  2 hill giants
  5 orc knights
  A wolf spider zombie (D:14)
  A manticore (D:12)
  3 mana vipers
  3 orc sorcerers (Orc:2)
  8 ugly things
  3 cyclopes
  8 salamanders
  A centaur zombie (D:14)
  3 guardian serpents
  2 oklob plants (Lair:4)
  17 black mambas
  7 elephants
  5 komodo dragons
  2 gargoyles
  4 naga magi
  6 spiny frogs
  3 efreet
  2 kobold demonologists (D:11)
  A polar bear (Lair:3)
  5 trolls
  2 two-headed ogres
  6 slime creatures
  18 blink frogs
  A blink frog (shapeshifter) (D:14)
  A shadow (D:11)
  A water elemental (Lair:4)
  5 wraiths
  2 spriggans (Lair:3)
  A vampire (D:12)
  2 hippogriffs (Lair:7)
  21 yaks
  Grum (D:10)
  3 basilisks
  3 wyverns
  5 hogs (D:14)
  A hungry ghost (D:11)
  A mottled dragon (D:11)
  7 wargs
  22 nagas
  10 water moccasins
  6 porcupines
  3 ice beasts
  25 orc warriors
  4 black bears
  2 phantoms
  4 sky beasts
  A wasp (D:13)
  6 ogres
  7 centaurs
  6 wolves
  17 crocodiles
  4 big kobolds
  21 giant frogs
  A gnoll sergeant (D:8)
  A wyvern zombie (D:14)
  2 scorpions
  2 electric eels
  A howler monkey (D:5)
  2 crimson imps (D:5)
  2 giant frog zombies
  2 hounds
  A giant frog skeleton (D:13)
  6 centaur skeletons
  2 jellies
  15 orc priests
  A hell rat (D:9)
  7 iguanas
  30 orc wizards
  2 worker ants
  12 sheep
  2 killer bee zombies
  2 hound zombies (D:9)
  3 gnolls (D:8)
  16 adders
  47 river rats
  3 shadow imps
  3 oozes
  An adder zombie (D:9)
  A dart slug (D:5)
  4 giant geckos
  49 orcs
  6 bats
  3 giant cockroaches
  3 goblins (D:3)
  2 hobgoblins
  17 jackals
  4 quokkas
  3 ball pythons
  4 giant newts (D:2)
  7 kobolds
  A quokka zombie (D:5)
  7 rats
  A fungus (Lair:3)
646 creatures vanquished.

Vanquished Creatures (collateral kills)
  An orc warlord (Orc:2)
  An orc (Orc:2)
2 creatures vanquished.

Vanquished Creatures (others)
  A cyclops (D:14)
  A centaur zombie (D:14)
  A centaur skeleton (D:14)
  A centaur (D:9)
  A jelly (D:14)
  18 fungi
  32 plants
  37 spectral weapons
92 creatures vanquished.

Grand Total: 740 creatures vanquished

Notes
Turn   | Place    | Note
--------------------------------------------------------------
     0 | D:1      | jacquesderrida the Vine Stalker Skald began the quest for the Orb.
     0 | D:1      | Reached XP level 1. HP: 11/11 MP: 4/4
    19 | D:1      | Reached skill level 2 in Polearms
   138 | D:1      | Reached XP level 2. HP: 15/15 MP: 6/6
   259 | D:2      | Reached skill level 3 in Polearms
   292 | D:3      | Reached XP level 3. HP: 18/18 MP: 7/7
   415 | D:2      | Learned a level 3 spell: Spectral Weapon
   514 | D:2      | Reached XP level 4. HP: 18/23 MP: 1/8
   694 | D:2      | Reached skill level 4 in Polearms
   694 | D:2      | Reached skill level 1 in Hexes
   951 | D:3      | Reached XP level 5. HP: 3/26 MP: 9/9
  1159 | D:4      | Reached skill level 5 in Polearms
  1159 | D:4      | Gained mutation: You heal very quickly. [Vine Stalker growth]
  1159 | D:4      | Reached XP level 6. HP: 19/30 MP: 5/10
  1188 | D:5      | Entered Level 5 of the Dungeon
  1191 | D:5      | Noticed an ice beast
  1235 | D:5      | Found a staircase to the Ecumenical Temple.
  1247 | Temple   | Entered the Ecumenical Temple
  1282 | Temple   | Became a worshipper of Ashenzari the Shackled
  1345 | D:4      | Noticed a sky beast
  1347 | D:4      | Killed a sky beast
  1347 | D:4      | Reached XP level 7. HP: 34/34 MP: 9/11
  1352 | D:4      | Learned a level 3 spell: Regeneration
  1394 | D:5      | Reached skill level 6 in Polearms
  1620 | D:6      | Found a glowing golden altar of the Shining One.
  1781 | D:6      | Gained mutation: You have razor-sharp teeth. [Vine Stalker growth]
  1781 | D:6      | Reached XP level 8. HP: 37/39 MP: 10/12
  2261 | D:8      | Reached skill level 7 in Polearms
  2595 | D:8      | Noticed a two-headed ogre
  2611 | D:8      | Killed a two-headed ogre
  2640 | D:8      | Found Yduf Ifo's Jewellery Shop.
  2682 | D:9      | Reached * piety under Ashenzari
  2757 | D:9      | Reached skill level 1 in Dodging
  2890 | D:9      | Reached skill level 8 in Polearms
  2893 | D:9      | Reached XP level 9. HP: 39/45 MP: 9/13
  2992 | D:9      | Found a staircase to the Lair.
  2993 | D:9      | Noticed a two-headed ogre
  3004 | D:9      | Killed a two-headed ogre
  3008 | D:9      | Reached skill level 5 in Fighting
  3089 | D:9      | Found Oriz's Food Boutique.
  3174 | D:10     | Entered Level 10 of the Dungeon
  3302 | D:10     | Noticed Grum
  3308 | D:10     | Noticed Fannar
  3326 | D:10     | Reached skill level 1 in Necromancy
  3385 | D:10     | Noticed a gargoyle
  3527 | D:11     | Got the cursed scale mail "Xagruq" {+Fly Str+4}
  3555 | D:11     | Noticed a kobold demonologist
  3556 | D:11     | Noticed a kobold demonologist
  3563 | D:11     | Noticed a sixfirhy
  3565 | D:11     | Killed a kobold demonologist
  3587 | D:11     | Killed a kobold demonologist
  3587 | D:11     | Reached skill level 9 in Polearms
  3587 | D:11     | Reached XP level 10. HP: 40/53 MP: 14/14
  3703 | D:11     | Found a sacrificial altar of Ru.
  3933 | Lair:1   | Entered Level 1 of the Lair of Beasts
  3991 | Lair:1   | Found a labyrinth entrance.
  3997 | Lab      | Entered a labyrinth
  4122 | Lab      | Noticed a minotaur
  4204 | Lab      | Killed a minotaur
  4304 | Lab      | Identified a +9 rod of shadows (10/10) (You found it in a labyrinth)
  4353 | Lair:1   | Noticed a black mamba
  4354 | Lair:1   | Noticed a spiny frog
  4356 | Lair:1   | Noticed a wolf spider
  4359 | Lair:1   | Reached skill level 1 in Armour
  4480 | Lair:2   | Noticed a black mamba
  4578 | Lair:2   | Reached ** piety under Ashenzari
  4584 | Lair:2   | Noticed a spiny frog
  4599 | Lair:2   | Killed a spiny frog
  4599 | Lair:2   | Reached skill level 5 in Dodging
  4606 | Lair:2   | HP: 1/53 [komodo dragon (10)]
  4896 | Lair:2   | Killed a black mamba
  4896 | Lair:2   | Reached skill level 10 in Polearms
  4896 | Lair:2   | Reached XP level 11. HP: 48/58 MP: 12/15
  5291 | Lair:4   | Noticed an oklob plant
  5291 | Lair:4   | Noticed an oklob plant
  5297 | Lair:4   | Killed an oklob plant
  5511 | Lair:3   | Gained mutation: You regenerate. [Vine Stalker growth]
  5511 | Lair:3   | Reached XP level 12. HP: 28/65 MP: 14/16
  5549 | Lair:3   | Reached skill level 5 in Armour
  5645 | Lair:4   | Reached skill level 11 in Polearms
  5924 | Lair:5   | Noticed a six-headed hydra
  5930 | Lair:4   | Found a staircase to the Shoals.
  5986 | Lair:4   | Reached *** piety under Ashenzari
  5986 | Lair:4   | Noticed a queen ant
  6535 | Lair:8   | Entered Level 8 of the Lair of Beasts
  6661 | Lair:7   | Got the uncursed robe of Leaves {*Contam rElec rF++}
  6827 | Lair:8   | Reached **** piety under Ashenzari
  6835 | Lair:8   | Noticed Nessos
  6845 | Lair:8   | Killed Nessos
  6894 | Lair:8   | Noticed a catoblepas
  6902 | Lair:8   | Killed a catoblepas
  6922 | Lair:8   | Noticed a death yak
  6922 | Lair:8   | Noticed a death yak
  6938 | Lair:8   | Killed a death yak
  6982 | Lair:7   | Reached XP level 13. HP: 34/72 MP: 15/17
  7154 | Lair:8   | Reached skill level 10 in Fighting
  7246 | Lair:8   | Reached skill level 12 in Polearms
  8093 | Lair:3   | Identified the +2 robe of Leaves {*Contam rElec rF++} (You found it on level 7 of the Lair of Beasts)
  8181 | Lair:1   | Got the uncursed leather armour "Yshriteu" {Dex+6}
  8192 | Lair:1   | Identified the +3 leather armour "Yshriteu" {Dex+6} (You found it on level 1 of the Lair of Beasts)
  8434 | D:10     | Killed Grum
  8665 | D:12     | Reached XP level 14. HP: 68/77 MP: 15/18
  8744 | D:12     | Found a staircase to the Orcish Mines.
  8766 | Orc:1    | Entered Level 1 of the Orcish Mines
  9117 | Orc:1    | Found Qourph's Gadget Shop.
  9150 | Orc:2    | Entered Level 2 of the Orcish Mines
  9399 | Orc:2    | Found Umerhyer's Antique Weapon Boutique.
  9399 | Orc:2    | Noticed an orc warlord
  9425 | Orc:2    | Killed an orc warlord
  9479 | Orc:2    | Found a roughly hewn altar of Beogh.
  9582 | Orc:2    | PLS WEPING
  9592 | Orc:2    | Found Byareg's Antique Armour Boutique.
  9599 | Orc:2    | PLS ARMER
  9608 | Orc:2    | Found Uxymach's Book Boutique.
  9621 | Orc:2    | PLS BUK
  9631 | Orc:2    | Found Ehietse's General Store.
  9647 | Orc:2    | PLS ITENS
  9648 | Orc:2    | Bought a scroll of identify for 36 gold pieces
  9677 | Orc:2    | Found Zeggoq's Antique Armour Emporium.
  9687 | Orc:2    | Bought a glowing helmet for 139 gold pieces
  9687 | Orc:2    | Bought a pair of embroidered boots for 139 gold pieces
  9692 | Orc:2    | Bought a pair of glowing boots for 139 gold pieces
  9697 | Orc:2    | Identified a +1 pair of boots of running (You bought it in a shop on level 2 of the Orcish Mines)
  9744 | Orc:2    | Found a staircase to the Elven Halls.
  9785 | Orc:2    | Found a bloodstained altar of Trog.
  9826 | Orc:2    | Bought a glowing cloak for 139 gold pieces
  9853 | Orc:2    | Bought a glowing glaive for 195 gold pieces
  9912 | Elf:1    | Entered Level 1 of the Elven Halls
 10025 | D:13     | Reached skill level 13 in Polearms
 10032 | D:13     | HEH
 10120 | D:13     | Noticed Josephine
 10131 | D:13     | Killed Josephine
 10210 | D:13     | ITEMS PLS!!!
 10262 | D:13     | Noticed Erolcha
 10271 | D:13     | Killed Erolcha
 10271 | D:13     | Reached skill level 10 in Dodging
 10435 | D:14     | PIZZA PLEASE
 10438 | D:14     | Noticed Sonja
 10439 | D:14     | Noticed Kirke
 10513 | D:14     | PLS
 10533 | D:14     | SPS
 10549 | D:14     | Reached ***** piety under Ashenzari
 10605 | D:14     | Found a gate to the Vaults.
 10617 | D:14     | Noticed a sphinx
 10643 | D:15     | Entered Level 15 of the Dungeon
 10865 | D:15     | Reached XP level 15. HP: 76/84 MP: 19/19
 11055 | D:15     | Found a white marble altar of Elyvilon.
 11209 | D:15     | Found a staircase to the Depths.
 11237 | Depths:1 | Entered Level 1 of the Depths
 11278 | D:14     | Killed Kirke
 11712 | D:10     | Killed Fannar
 11902 | Shoals:1 | Entered Level 1 of the Shoals
 11953 | Lair:5   | GDE SNEK
 12190 | Lair:5   | Found a staircase to the Snake Pit.
 12212 | Snake:1  | Entered Level 1 of the Snake Pit
 12310 | Snake:1  | Noticed Frances
 12490 | Snake:3  | Found Ybylidgh's Distillery.
 12554 | Snake:2  | Reached skill level 14 in Polearms
 12949 | Snake:3  | Found Jount's Gadget Shoppe.
 12950 | Snake:3  | Found Wuyly Coum's Antique Weapon Emporium.
 13051 | Snake:3  | Reached XP level 16. HP: 69/90 MP: 6/20
 13080 | Snake:3  | Bought a potion of agility for 68 gold pieces
 13080 | Snake:3  | Bought a potion of haste for 170 gold pieces
 13080 | Snake:3  | Bought 2 potions of agility for 136 gold pieces
 13222 | Snake:3  | GDE SHOPCHEEK
 13308 | Snake:3  | Noticed a greater naga
 13324 | Snake:3  | Killed a greater naga
 13535 | Snake:4  | Entered Level 4 of the Snake Pit
 13583 | Snake:4  | HP: 1/91 [shock serpent/bolt of electricity (10)]
 13604 | Snake:4  | HP: 3/91 [anaconda (3)]
 13611 | Snake:4  | Killed from afar by a shock serpent

Skill      XL: |  1  2  3  4  5  6  7  8  9 10 11 12 13 14 15 16 |
---------------+-------------------------------------------------+-----
Polearms       | 2 3 4 5 6 8 9 10 11 12 13 14 | 14.6
Hexes          | 1 2 3 |  3.2
Fighting       | 2 4 6 7 8 9 10 11 12 13 | 13.1
Charms         | 4 |  4.7
Dodging        | 1 3 5 6 8 9 10 11 | 11.8
Necromancy     | 2 3 |  3.1
Armour         | 2 4 6 8 9 |  9.8
Spellcasting   | |  2.1

Action                   |  1- 3 |  4- 6 |  7- 9 | 10-12 | 13-15 | 16-18 || total
-------------------------+-------+-------+-------+-------+-------+-------++-------
Melee: Spear             |    76 |    93 |   193 |    79 |       |       ||   441
       Bite              |    21 |    17 |    64 |   118 |   250 |    10 ||   480
       Glaive            |       |    18 |    95 |   339 |   924 |    87 ||  1463
 Cast: Spectral Weapon   |     1 |     6 |    25 |    64 |   104 |    10 ||   210
       Infusion          |     1 |       |       |       |       |       ||     1
       Regeneration      |       |       |     1 |     4 |    16 |     1 ||    22
Invok: Curse Item        |       |       |     1 |       |     3 |       ||     4
       Scrying           |       |       |       |     1 |     6 |     2 ||     9
Evoke: Wand              |       |       |       |     9 |     2 |       ||    11
       Rod               |       |       |       |     2 |       |       ||     2
       Phantom mirror    |       |       |       |       |     1 |       ||     1
  Use: Scroll            |       |     3 |    12 |    12 |    16 |     2 ||    45
       Potion            |       |       |       |     2 |     2 |     2 ||     6
 Stab: Sleeping          |     1 |     2 |       |       |       |       ||     3
       Distracted        |       |       |     4 |     2 |     7 |     1 ||    14
       Invisible         |       |       |       |     2 |       |       ||     2
       Paralysed         |       |       |       |     2 |       |       ||     2
  Eat: Chunk             |       |     2 |     6 |     9 |    29 |     1 ||    47
       Fruit             |       |       |     5 |       |    14 |     3 ||    22
       Pizza             |       |       |     1 |     1 |       |       ||     2
       Beef jerky        |       |       |       |     4 |       |       ||     4
       Meat ration       |       |       |       |     1 |       |       ||     1
Armor: Leather armour    |    16 |    24 |    45 |     4 |       |       ||    89
       Ring mail         |       |       |       |    81 |   165 |    15 ||   261
Dodge: Dodged            |    51 |    54 |   140 |   218 |   437 |    41 ||   941
Block: Other             |       |       |    37 |   100 |   135 |    15 ||   287
       Reflection        |       |       |     5 |     5 |    11 |     1 ||    22
